 Dungeon Crawl Stone Soup version 0.18-a0-902-g8738618 (webtiles) character file.

0 Jmtri7 the Charlatan (level 1, -19/15 HPs)
             Began as a Formicid Artificer on Dec 25, 2015.
             Hit by a large rock thrown by a cyclops (27 damage)
             ... on level 12 of the Dungeon.
             The game lasted 00:01:05 (56 turns).

Jmtri7 the Charlatan (Formicid Artificer)             Turns: 56, Time: 00:01:05

Health: -19/15     AC:  3    Str: 15    XL:     1   Next: 0%
Magic:  3/3        EV: 11    Int: 11    God:
Gold:   24         SH:  0    Dex: 11    Spells: 0 memorised, 0 levels left

rFire  . . .     SeeInvis +     a - +0 short sword
rCold  . . .     Gourm    .     b - +0 leather armour
rNeg   . . .     Faith    .     (no shield)
rPois  .         Spirit   .     (helmet unavailable)
rElec  .         Dismiss  .     (no cloak)
rCorr  .         Reflect  .     (no gloves)
SustAt .         Harm     .     (no boots)
MR     .....                    h - amulet of rage
Stlth  +.........               (no ring)
                                (no ring)

@: not resistant to hostile enchantments, very unstealthy
A: permanent stasis, dig shafts and tunnels, four strong arms, antennae 3
a: Dig, Shaft Self


You were on level 12 of the Dungeon.
You were not hungry.

You visited 1 branch of the dungeon, and saw 7 of its levels.

You collected 24 gold pieces.

Inventory:

Hand Weapons
 a - a +0 short sword (weapon)
Armour
 b - a +0 leather armour (worn)
Jewellery
 h - an amulet of rage (around neck)
Wands
 c - a wand of flame (15/48)
 d - a wand of enslavement (11/24)
 e - a wand of random effects (15/48)
Potions
 g - a potion of poison {unknown}
Comestibles
 f - a bread ration


   Skills:
 - Level 1.1 Fighting
 - Level 1.0 Short Blades
 - Level 1.7 Dodging
 - Level 1.2 Stealth
 + Level 3.2 Evocations


You couldn't memorise any spells.
You didn't know any spells.

Dungeon Overview and Level Annotations

Branches:
Dungeon (10/15)
 Temple: D:4-7         Lair: D:8-11         Orc: D:9-12

Altars:


Innate Abilities, Weirdness & Mutations

You are under a permanent stasis effect.
You can dig through walls and to a lower floor.
Your four strong arms can wield two-handed weapons with a shield.
You have a pair of large antennae on your head (SInv).


Message History

The shaft crumbles and collapses.
A hippogriff, a jelly, a soldier ant, 3 killer bees and a cyclops come into view.
The killer bee buzzes angrily.
The jelly quivers.
Found three items.
Zapping:
d - a wand of enslavement (13/24)
Press: ? - help, Shift-Dir - straight line, f - soldier ant
Aim: a soldier ant (hasn't noticed you, chance to defeat MR: 52%)
The soldier ant twitches its antennae in your direction.
The soldier ant resists with significant effort.
This wand has 12 charges left.
The killer bee buzzes angrily.
Zapping:
d - a wand of enslavement (12/24)
Press: ? - help, Shift-Dir - straight line, f/p - soldier ant
Aim: a soldier ant (chance to defeat MR: 52%)
The soldier ant resists with significant effort.
This wand has 11 charges left.
The cyclops throws a large rock.
The large rock hits you!!
Ouch! That really hurt!
You die...

##.........##
#.... ......##
.............##
:......H......#
......#..$.....
.......y.yy....
........$......
.......@a......
..#...#...#....
..... ....... .
.... ...?......
... ...........
.. ...#.....J..
. ............#
....C.......##


You could see a cyclops, a hippogriff, a soldier ant, a jelly and 3 killer bees.

Vanquished Creatures (others)
  An orc (D:7)
1 creature vanquished.

Notes
Turn   | Place    | Note
--------------------------------------------------------------
     0 | D:1      | Jmtri7 the Formicid Artificer began the quest for the Orb.
     0 | D:1      | Reached XP level 1. HP: 15/15 MP: 3/3
     3 | D:1      | You fall through a shaft!
     6 | D:2      | You fall through a shaft!
     9 | D:3      | You fall through a shaft for 2 floors!
     9 | D:5      | Entered Level 5 of the Dungeon
    30 | D:5      | You fall through a shaft for 2 floors!
    41 | D:7      | Noticed an ice beast
    50 | D:7      | You fall through a shaft for 3 floors!
    50 | D:10     | Entered Level 10 of the Dungeon
    50 | D:10     | Noticed a scorpion
    50 | D:10     | Noticed a water moccasin zombie
    50 | D:10     | Noticed a hound
    54 | D:10     | You fall through a shaft for 2 floors!
    54 | D:12     | Noticed a soldier ant
    54 | D:12     | Noticed a hippogriff
    54 | D:12     | Noticed a cyclops
    54 | D:12     | Noticed a killer bee
    54 | D:12     | Noticed a killer bee
    54 | D:12     | Noticed a killer bee
    54 | D:12     | Noticed a jelly
    56 | D:12     | Hit by a large rock thrown by a cyclops

Vault maps used:
D:1:      dpeg_arrival_boxes_within_box, due_unseen_surprise
D:2:      minmay_door_path, overflow_temple_1_default, first_bread,
          lemuel_another_geyser
D:3:      overflow_temple_1_default, gammafunk_temple_overflow_wave
D:5:      yredelemnul_forgotten_temple_becter, lightli_temple_of_fire
D:7:      nicolae_overflow_hidden_temple, grunt_ogre_cave
D:10:     roderic_batcave, bh_hangedman_babel_library
D:12:     kennysheep_cluttered_room, uniq_snorg, uniq_maud, uniq_nergalle

Action                   || total
-------------------------++-------
Melee: Short sword       ||     1
 Abil: Shaft Self        ||     6
Evoke: Wand              ||     4
 Stab: Sleeping          ||     1
